 Dungeon Crawl Stone Soup version 0.19-a0-1886-gd64a0f0 (webtiles) character file.

7403 sveltemanboy the Grappler (level 10, -3/75 HPs)
             Began as a Demonspawn Gladiator on Oct 13, 2016.
             Was a Follower of Ru.
             Slain by a vampire (6 damage)
             ... on level 11 of the Dungeon on Oct 15, 2016.
             The game lasted 00:22:55 (10006 turns).

sveltemanboy the Grappler (Demonspawn Gladiator)   Turns: 10006, Time: 00:22:56

Health: -3/75      AC: 15    Str: 18    XL:     10   Next: 92%
Magic:  10/10      EV: 10    Int: 10    God:    Ru [*.....]
Gold:   592        SH:  0    Dex: 14    Spells: 0 memorised, 9 levels left

rFire  . . .     SeeInvis .       - Unarmed
rCold  . . .     Gourm    .     l - +3 chain mail
rNeg   . . .     Faith    .     (no shield)
rPois  +         Spirit   .     (helmet restricted)
rElec  .         Dismiss  .     p - +0 cloak
rCorr  .         Reflect  .     y - +0 pair of gloves
MR     .....     Harm     .     (no boots)
Stlth  ..........               (no amulet)
                                O - +1 ring of evasion
                                n - ring of poison resistance

@: no status effects
A: claws 1, hooves 1, horns 1, mutation resistance 1, spiny 3, hated by all
a: Renounce Religion


You were on level 11 of the Dungeon.
You worshipped Ru.
Ru was aware of your devotion.
You were very hungry.

You visited 2 branches of the dungeon, and saw 12 of its levels.

You collected 592 gold pieces.

Inventory:

Missiles
 d - 4 throwing nets
 h - 246 stones (quivered)
Armour
 l - a +3 chain mail (worn)
 p - a +0 cloak (worn)
 y - a +0 pair of gloves (worn)
 P - a +1 buckler
Jewellery
 n - a ring of poison resistance (left hand)
 O - a +1 ring of evasion (right hand)
Wands
 M - a wand of teleportation (8/9)
 N - a wand of teleportation (3/9)
Scrolls
 a - 3 scrolls of fear
 b - 2 scrolls of enchant weapon
 e - 7 scrolls of teleportation
 g - 10 scrolls of remove curse
 j - a scroll of identify
 u - 4 scrolls of enchant armour
 w - 3 scrolls of magic mapping
 F - a scroll of recharging
 I - a scroll of blinking
Potions
 c - a potion of agility
 m - a potion of cure mutation
 o - 2 potions of curing
 t - 2 potions of brilliance
 v - a potion of beneficial mutation
 z - 3 potions of invisibility
 B - a potion of cancellation
 D - 2 potions of haste
 G - 2 potions of heal wounds
 J - 2 potions of resistance
 L - 3 potions of flight
Comestibles
 f - 8 bread rations
 i - 6 meat rations
 x - a beef jerky
 C - 5 fruits
 K - a royal jelly


   Skills:
 - Level 5.6 Fighting
   Level 5.7 Axes
 - Level 1.7 Throwing
 - Level 5.1 Armour
 - Level 5.1 Dodging
 + Level 3.2 Shields
 * Level 11.2 Unarmed Combat


You had 9 spell levels left.
You didn't know any spells.

Dungeon Overview and Level Annotations

Branches:
Dungeon (11/15)            Temple (1/1) D:6             Orc (0/2) D:10
   Lair: D:8-11

Altars:
Ashenzari
Cheibriados
Dithmenos
Elyvilon
Fedhas
Gozag
Hepliaklqana
Kikubaaqudgha
Makhleb
Nemelex Xobeh
Okawaru
Qazlal
Ru
Sif Muna
Trog
Uskayaw
Vehumet
Xom
Yredelemnul
Zin
The Shining One

Shops:
D:5 %[

Annotations:
D:10 1 runed door


Innate Abilities, Weirdness & Mutations

You have sharp fingernails.
You have large cloven feet.
You have a pair of small horns on your head.
You are completely covered in sharp spines.
You are hated by all.
You are somewhat resistant to further mutation.


Message History

Your chain mail prevents you from hitting something.
Your kick misses something. Your punch misses something.
You hear some strange, mumbled words.
You are confused.
You punch something! Something hits you!
Something bites you but does no damage.
You bump into the rock wall.
You miss something. Something hits you but does no damage. Something bites you!
* * * LOW HITPOINT WARNING * * *
Something draws strength from your injuries!
You hit something. Your kick misses something. Your headbutt misses something.
Something hits you but does no damage. Something bites you.
* * * LOW HITPOINT WARNING * * *
Something draws strength from your injuries!
You feel less confused. Something hits you!
* * * LOW HITPOINT WARNING * * *
Something bites you but does no damage. Something hits you.
You die...

..... ..... ..... ....
.... #. #####.... ...#
##...###....# ...#
.......'....# ...#
.......#....# ...#
########..@{# ...#
#...........# ...#
#...........#
...####.......###.#
..............#...######
.......#####'##..#.....#
.......#......#..#.....#
.......#......#..#.....#
###....#......#..#.....#


There were no monsters in sight!

Vanquished Creatures
  Pikel (D:6)
  A manticore (D:11)
  A merfolk (D:10)
  A troll (D:9)
  A two-headed ogre (D:5)
  3 hippogriffs
  2 orc warriors
  4 phantoms
  2 ice beasts
  4 sky beasts
  A necrophage (D:10)
  7 ogres
  4 centaurs
  A big kobold (D:8)
  5 bullfrogs
  A gnoll sergeant (D:8)
  A wyvern skeleton (D:6)
  A water moccasin zombie (D:6)
  A scorpion (D:9)
  9 killer bees (D:8)
  14 wights
  5 howler monkeys (D:7)
  A crimson imp (D:8)
  5 hounds
  3 jellies
  A quasit (D:10)
  A centaur skeleton (D:11)
  4 bullfrog skeletons
  2 gnoll shamans
  5 orc priests
  3 orc wizards
  6 iguanas
  9 worker ants
  A killer bee zombie (D:5)
  2 hound skeletons
  26 gnolls
  9 adders
  A shadow imp (D:8)
  2 oozes
  An adder zombie (D:6)
  5 worms
  2 dart slugs
  8 leopard geckos
  25 orcs
  10 bats
  5 giant cockroaches
  4 goblins
  6 hobgoblins
  10 jackals
  19 kobolds
  A quokka (D:6)
  A ball python (D:1)
  5 frilled lizards
  A quokka skeleton (D:8)
  5 rats
259 creatures vanquished.

Vanquished Creatures (others)
  A crimson imp (D:6)
  An adder (D:6)
  A quokka (D:6)
3 creatures vanquished.

Grand Total: 262 creatures vanquished

Notes
Turn   | Place    | Note
-------+----------+-------------------------------------------
     0 | D:1      | sveltemanboy the Demonspawn Gladiator began the quest for the Orb.
     0 | D:1      | Reached XP level 1. HP: 16/16 MP: 1/1
   161 | D:1      | Gained mutation: You have large cloven feet. [demonic ancestry]
   161 | D:1      | Reached XP level 2. HP: 22/22 MP: 2/2
   444 | D:1      | Reached skill level 1 in Armour
   859 | D:1      | Gained mutation: You are partially covered in sharp spines. [demonic ancestry]
   859 | D:1      | Reached XP level 3. HP: 27/28 MP: 3/3
   990 | D:2      | Found a sparkling altar of Nemelex Xobeh.
  1082 | D:2      | Found a white marble altar of Elyvilon.
  1154 | D:2      | Gained mutation: You are mostly covered in sharp spines. [demonic ancestry]
  1154 | D:2      | Reached XP level 4. HP: 31/35 MP: 4/4
  2107 | D:3      | Found a faded altar of an unknown god.
  2107 | D:3      | Found a faded altar of an unknown god.
  2112 | D:3      | Found a snail-covered altar of Cheibriados.
  2114 | D:3      | Found a faded altar of an unknown god.
  2115 | D:3      | Found a shadowy altar of Dithmenos.
  2224 | D:4      | Reached XP level 5. HP: 41/41 MP: 5/5
  2252 | D:4      | Found a radiant altar of Vehumet.
  2413 | D:4      | Noticed a phantom
  2432 | D:4      | Killed a phantom
  2616 | D:4      | Gained mutation: You have a pair of small horns on your head. [demonic ancestry]
  2616 | D:4      | Reached XP level 6. HP: 36/47 MP: 6/6
  2776 | D:4      | Found a hazy altar of Hepliaklqana.
  2831 | D:4      | Reached skill level 5 in Axes
  3356 | D:4      | Gained mutation: You have sharp fingernails. [demonic ancestry]
  3356 | D:4      | Reached XP level 7. HP: 48/52 MP: 7/7
  3475 | D:4      | Found a glowing golden altar of the Shining One.
  3687 | D:5      | Entered Level 5 of the Dungeon
  3692 | D:5      | Reached skill level 1 in Unarmed Combat
  3710 | D:5      | Reached skill level 2 in Unarmed Combat
  3918 | D:5      | Found Qeffekae's Food Emporium.
  3950 | D:5      | Reached skill level 3 in Unarmed Combat
  4262 | D:5      | Found Veikluzei's Antique Armour Shop.
  4358 | D:5      | Reached XP level 8. HP: 46/58 MP: 8/8
  4532 | D:5      | Noticed a two-headed ogre
  4537 | D:5      | Killed a two-headed ogre
  4537 | D:5      | Reached skill level 5 in Armour
  4537 | D:5      | Reached skill level 4 in Unarmed Combat
  4980 | D:6      | Reached skill level 5 in Unarmed Combat
  4987 | D:6      | Gained mutation: Your muscles are strong. (Str +2) [mutagenic meat]
  5197 | D:6      | Found a staircase to the Ecumenical Temple.
  5209 | D:6      | Reached skill level 6 in Unarmed Combat
  5218 | Temple   | Entered the Ecumenical Temple
  5268 | Temple   | Became a worshipper of Ru the Awakened
  5287 | D:6      | Noticed Pikel
  5302 | D:6      | Killed Pikel
  5302 | D:6      | Reached skill level 7 in Unarmed Combat
  5302 | D:6      | Reached XP level 9. HP: 55/63 MP: 9/9
  5450 | D:6      | Found an iron altar of Okawaru.
  6077 | D:6      | Found a glowing silver altar of Zin.
  6292 | D:7      | Reached skill level 5 in Dodging
  6399 | D:7      | Reached skill level 8 in Unarmed Combat
  6636 | D:7      | Gained mutation: You are hated by all. [Ru sacrifice]
  6636 | D:7      | Reached * piety under Ru
  7194 | D:8      | Reached skill level 9 in Unarmed Combat
  7452 | D:8      | Gained mutation: You are completely covered in sharp spines. [demonic ancestry]
  7452 | D:8      | Reached XP level 10. HP: 73/73 MP: 10/10
  7494 | D:8      | Reached skill level 5 in Fighting
  7999 | D:8      | Reached skill level 10 in Unarmed Combat
  8375 | D:9      | Reached skill level 1 in Shields
  8808 | D:9      | Gained mutation: You expend magic power (3 MP) to strengthen your wands. [potion of mutation]
  8808 | D:9      | Gained mutation: You are somewhat resistant to further mutation. [potion of mutation]
  8808 | D:9      | Gained mutation: Your magical capacity is low. (-10% MP) [potion of mutation]
  9022 | D:10     | Entered Level 10 of the Dungeon
  9328 | D:10     | Found a staircase to the Orcish Mines.
  9581 | D:10     | Reached skill level 11 in Unarmed Combat
  9656 | D:10     | Found a runed door.
  9656 | D:10     | Noticed a yaktaur captain
  9656 | D:10     | Noticed an ogre mage
  9656 | D:10     | Noticed an ettin
  9657 | D:10     | Noticed a fire giant
  9658 | D:10     | Noticed a deep troll earth mage
  9658 | D:10     | Noticed a deep troll earth mage
  9658 | D:10     | Noticed a flayed ghost
  9663 | D:10     | Upgraded the game from 0.19-a0-1875-g4fea3da to 0.19-a0-1886-gd64a0f0
  9868 | D:10     | Lost mutation: Your magical capacity is low. (-10% MP) [potion of cure mutation]
  9868 | D:10     | Lost mutation: You expend magic power (3 MP) to strengthen your wands. [potion of cure mutation]
  9868 | D:10     | Lost mutation: Your muscles are strong. (Str +2) [potion of cure mutation]
  9974 | D:11     | Noticed a manticore
  9979 | D:11     | Killed a manticore
 10005 | D:11     | HP: 3/75 [something (10)]
 10006 | D:11     | Slain by a vampire

Vault maps used:
D:1:      wheals_arrival_shading
D:2:      nemelex_xobeh_ov_fountains_minmay, first_bread, elyvilon_altar_3
D:3:      chequers_temple_overflow_minitemple, kennysheep_generic_room_14
D:4:      kennysheep_little_box, fiery_altar_vehumet,
          lemuel_coloured_pillars_altar, minmay_misc_feat_pillars
D:5:      serial_shops, kennysheep_mini_moat, shop, lemuel_another_geyser
D:6:      marbit_many_paths, lemuel_doored_altar, kennysheep_potato, uniq_pikel
D:10:     minmay_gate_of_8, orc_0_dummy, hangedman_fish_farm, nicolae_wwwww
D:11:     dpeg_oklobed_lair
Temple:   cyrus_circular_temple

Skill      XL: |  1  2  3  4  5  6  7  8  9 10 |
---------------+-------------------------------+-----
Axes           | 3 4 5 |  5.7
Armour         | 1 2 3 4 5 |  5.1
Fighting       | 3 4 5 |  5.6
Unarmed Combat | 3 7 9 11 | 11.2
Dodging        | 4 5 |  5.1
Shields        | 3 |  3.2
Throwing       | |  1.7

Action                   |  1- 3 |  4- 6 |  7- 9 | 10-12 || total
-------------------------+-------+-------+-------+-------++-------
Melee: War axe           |    89 |   105 |       |       ||   194
       Kick              |    17 |    25 |   107 |    60 ||   209
       Headbutt          |       |     5 |    74 |    40 ||   119
       Unarmed           |       |       |   310 |   209 ||   519
       Punch             |       |       |    10 |     9 ||    19
Throw: Stone             |       |       |       |    11 ||    11
Invok: Sacrifice Love    |       |       |     1 |       ||     1
       Reject Sacrifices |       |       |       |     1 ||     1
Evoke: Wand              |       |     8 |       |       ||     8
  Use: Scroll            |       |       |       |    19 ||    19
       Potion            |       |       |       |     8 ||     8
 Stab: Distracted        |       |       |       |     1 ||     1
  Eat: Chunk             |     1 |     7 |    14 |     8 ||    30
Armor: Leather armour    |    18 |       |       |       ||    18
       Chain mail        |    47 |    50 |   125 |    84 ||   306
Dodge: Dodged            |    46 |    39 |   116 |    78 ||   279
